Map: [ESL] Babylon

Players

SKillous - Winner!

  • Race: Protoss Protoss
  • Spawn Location: 11:00

Scarlett

  • Race: Zerg Zerg
  • Spawn Location: 5:00

Event: ESL SC2 Masters 2023 Summer (Finals)

VOD

Have the link to the VOD?

Description

Time

  • Played on: June 17, 2023, 9:33 a.m.
  • Length: 10:05

All games in this series

Show
View Real Time Build Order
Export as new Build Order

SKillous Protoss - Winner!

Build Orders: 1 Gate Expand, Oracle Opening 

Get SALT Encoding   

  12  0:00  Probe  
  13  0:13  Pylon  
  13  0:17  Probe (Chrono Boost)  
  14  0:27  Probe (Chrono Boost)  
  15  0:32  Probe (Chrono Boost)  
  16  0:38  Gateway  
  16  0:44  Probe  
  16  0:48  Assimilator  
  17  0:56  Probe  
  18  1:08  Probe  
  19  1:20  Probe  
  20  1:26  Nexus  
  20  1:37  Cybernetics Core  
  20  1:41  Probe  
  20  1:46  Assimilator  
  21  1:53  Probe  
  22  1:56  Pylon  
  22  2:05  Probe  
  23  2:11  Adept (Chrono Boost)  
  25  2:17  Probe  
  25  2:21  Stargate  
  26  2:28  Warp Gate  
  27  2:30  Probe (Chrono Boost)  
  27  2:31  Adept (Chrono Boost)  
  29  2:39  Probe (Chrono Boost)  
  31  2:47  Probe (Chrono Boost)  
  31  2:48  Probe (Chrono Boost)  
  32  2:53  Probe x2 (Chrono Boost)  
  32  2:54  Adept  
  36  3:04  Oracle (Chrono Boost)  
  36  3:05  Probe x2  
  41  3:13  Pylon  
  41  3:17  Probe x2  
  43  3:29  Probe x2  
  43  3:32  Gateway  
  45  3:34  Oracle  
  48  3:41  Probe  
  48  3:42  Probe  
  46  3:53  Probe  
  46  3:54  Probe  
  48  3:55  Twilight Council  
  48  4:00  Pylon  
  48  4:05  Probe  
  48  4:06  Probe  
  49  4:16  Adept  
  51  4:18  Probe (Chrono Boost), Nexus  
  51  4:19  Pylon  
  51  4:22  Probe (Chrono Boost)  
  51  4:24  Gateway  
  53  4:28  Probe (Chrono Boost), Gateway  
  53  4:31  Blink (Chrono Boost)  
  54  4:33  Probe (Chrono Boost)  
  54  4:34  Assimilator  
  54  4:36  Probe, Assimilator  
  56  4:44  Probe  
  57  4:50  Stalker x2  
  57  4:51  Probe  
  62  4:56  Shield Battery, Probe  
  63  5:04  Probe  
  64  5:07  Forge  
  64  5:09  Probe  
  65  5:14  Stalker  
  65  5:15  Stalker  
  65  5:16  Probe  
  70  5:22  Pylon  
  70  5:28  Pylon  
  70  5:29  Probe x2  
  70  5:30  Probe  
  70  5:33  Stalker x2  
  77  5:41  Probe x2, Stalker  
  77  5:42  Probe, Protoss Ground Weapons Level 1 (Chrono Boost)  
  82  5:43  Stalker  
  84  5:53  Probe x2  
  84  5:54  Probe  
  87  6:00  Stalker  
  87  6:01  Stalker  
  90  6:05  Shield Battery  
  90  6:06  Probe x2  
  90  6:07  Pylon, Charge  
  90  6:08  Probe  
  90  6:11  Stalker  
  95  6:18  Probe x2  
  92  6:19  Shield Battery  
  92  6:20  Probe  
  91  6:29  Stalker x2  
  91  6:30  Stalker  
  98  6:43  Probe (Chrono Boost)  
  98  6:44  Stalker  
  98  6:46  Pylon, Nexus  
  100  6:52  Gateway  
  100  6:54  Stalker x2  
  100  6:55  Stalker  
  100  7:00  Probe  
  100  7:01  Pylon  
  99  7:02  Pylon  
  99  7:11  Probe  
  99  7:14  Pylon  
  99  7:15  Probe (Chrono Boost)  
  95  7:17  Stalker x4  
  101  7:25  Probe (Chrono Boost)  
  101  7:27  Probe x2 (Chrono Boost)  
  101  7:28  Protoss Ground Armor Level 1 (Chrono Boost)  
  103  7:32  Gateway  
  103  7:33  Gateway  
  103  7:36  Probe (Chrono Boost)  
  106  7:37  Probe (Chrono Boost)  
  106  7:38  Probe (Chrono Boost)  
  106  7:42  Probe (Chrono Boost)  
  101  7:47  Probe (Chrono Boost)  
  103  7:52  Probe (Chrono Boost)  
  103  7:53  Probe (Chrono Boost)  
  103  7:55  Probe (Chrono Boost)  
  103  7:56  Zealot x5  
  114  7:58  Probe (Chrono Boost)  
  114  7:59  Probe x2 (Chrono Boost)  
  114  8:01  Probe  
  113  8:10  Probe x2  
  113  8:11  Probe  
  114  8:17  Forge  
  113  8:20  Gateway  
  113  8:22  Zealot x5  
  113  8:24  Gateway  
  113  8:25  Probe  
  113  8:26  Shield Battery  
  115  8:28  Photon Cannon  
  115  8:30  Gateway  
  115  8:33  Gateway  
  115  8:36  Templar Archives  
  115  8:37  Zealot x2  
  115  8:39  Assimilator  
  116  8:45  Zealot x2  
  120  8:49  Nexus  
  120  8:50  Pylon  
  120  9:00  Zealot x5  
  130  9:10  Zealot x2  
  132  9:18  Probe  
  132  9:19  Probe x2  
  131  9:25  Zealot x8  
  131  9:27  Nexus  
  131  9:29  Pylon  
  146  9:31  Pylon  
  146  9:33  High Templar x2  
  146  9:36  Pylon x2  
  146  9:37  Archon  
  140  9:48  High Templar x4  
  140  9:49  High Templar x2, Zealot x3  
  140  9:52  Archon x2  
  152  9:53  Archon  
Show
View Real Time Build Order
Export as new Build Order

Scarlett Zerg 

Build Orders: Hatch First 

Get SALT Encoding   

  12  0:00  Drone  
  13  0:12  Overlord  
  13  0:17  Drone  
  14  0:30  Drone x2  
  16  0:42  Drone  
  17  0:51  Hatchery  
  17  0:54  Drone  
  17  0:58  Drone  
  18  1:09  Extractor  
  17  1:13  Spawning Pool  
  17  1:16  Drone  
  17  1:20  Drone  
  18  1:28  Drone  
  19  1:39  Drone  
  20  1:49  Overlord  
  20  1:59  Queen  
  22  2:02  Queen  
  22  2:03  Drone  
  22  2:04  Zergling x2  
  26  2:10  Zergling x2  
  26  2:13  Metabolic Boost  
  26  2:14  Drone  
  28  2:24  Drone  
  28  2:26  Drone  
  30  2:38  Queen  
  30  2:42  Hatchery  
  32  2:44  Zergling x2  
  32  2:48  Drone  
  33  2:51  Overlord  
  33  2:54  Zergling x2  
  33  2:57  Drone  
  36  3:05  Zergling x2  
  36  3:09  Queen  
  38  3:17  Drone x5  
  43  3:25  Overlord  
  42  3:29  Overlord  
  41  3:44  Drone x6  
  41  3:46  Drone  
  41  3:47  Drone x2  
  46  3:57  Queen  
  46  4:02  Drone x4  
  52  4:07  Spore Crawler  
  51  4:13  Drone  
  51  4:14  Drone x2, Evolution Chamber  
  51  4:16  Spore Crawler  
  52  4:18  Drone  
  52  4:19  Drone x2  
  52  4:24  Queen  
  57  4:36  Drone x8  
  65  4:41  Spore Crawler  
  65  4:42  Queen  
  65  4:44  Overlord  
  66  4:48  Zerg Melee Weapons Level 1  
  66  4:50  Overlord  
  65  4:57  Drone  
  65  4:59  Overlord x2  
  66  5:03  Drone  
  66  5:04  Drone  
  66  5:05  Drone  
  70  5:07  Zergling x10  
  70  5:13  Queen  
  70  5:14  Overlord  
  76  5:17  Zergling x8  
  80  5:24  Zergling x2  
  80  5:26  Zergling x10  
  80  5:27  Baneling Nest  
  85  5:33  Overlord x2  
  85  5:34  Zergling x2  
  85  5:35  Zergling x2  
  87  5:36  Queen  
  89  5:45  Overlord  
  89  5:48  Zergling x2  
  89  5:49  Zergling x6  
  93  5:52  Overlord  
  93  5:53  Zergling x8  
  97  6:01  Zergling x6  
  97  6:03  Zergling x2  
  99  6:06  Zergling x6  
  99  6:10  Zergling x2, Hatchery  
  100  6:13  Zergling x4  
  92  6:18  Zergling x2  
  92  6:21  Queen x2  
  92  6:25  Zergling x8  
  87  6:29  Queen  
  87  6:31  Zergling x2, Baneling x6  
  87  6:32  Zergling x6  
  79  6:42  Drone x2  
  79  6:44  Zergling x8  
  85  6:49  Hatchery  
  85  6:50  Zergling x2  
  85  6:57  Zergling x2  
  85  6:58  Zergling x2  
  82  7:01  Zergling x2  
  82  7:02  Zergling x6  
  82  7:10  Zergling x10  
  74  7:16  Zergling x2  
  74  7:17  Queen x2  
  74  7:20  Lair  
  74  7:21  Zergling x4  
  74  7:22  Queen  
  79  7:23  Zergling x2  
  79  7:26  Zergling x2  
  79  7:28  Zergling x6  
  77  7:30  Zergling x2  
  77  7:32  Zergling x6  
  77  7:35  Zergling x4  
  80  7:39  Zergling x2  
  80  7:42  Zergling x2  
  80  7:43  Zergling x2  
  78  7:44  Zergling x8  
  78  7:47  Zergling x2  
  81  7:53  Queen  
  81  7:56  Zergling x6, Queen  
  81  7:57  Queen  
  83  7:58  Zergling x8  
  83  8:02  Zergling x8  
  83  8:04  Zergling x2  
  86  8:07  Zergling x2  
  86  8:10  Zergling x2  
  86  8:12  Zergling x4  
  78  8:15  Zergling x2  
  78  8:16  Queen  
  78  8:17  Queen  
  78  8:18  Zergling x4  
  78  8:19  Zergling x4  
  82  8:20  Zergling x2  
  82  8:22  Zergling x2  
  81  8:28  Queen  
  81  8:30  Drone x2, Extractor  
  81  8:31  Drone  
  85  8:43  Drone x11  
  96  8:54  Baneling x3  
  96  8:55  Zergling x10  
  101  9:00  Zergling x8  
  101  9:02  Zergling x2  
  105  9:05  Zergling x6  
  108  9:13  Zergling x10  
  113  9:17  Zergling x2  
  107  9:30  Zergling x20  
  112  9:32  Baneling x8  
  112  9:38  Zergling x14  
  114  9:41  Baneling x2  
Tags
 
Add a new tag
Caveats
  • Supply blocks, unpowered buildings, or Contaminate may cause inaccurate times.
  • Supply counts are checked every 10 seconds.